 Dungeon Crawl Stone Soup version 0.30-a0-860-g512cf1e979 (webtiles) character file.

Game seed: 9571896553795340842

21 qeuew the Ducker (level 2, 22/23 HPs)
             Began as a Merfolk Gladiator on Mar 7, 2023.
             Quit the game on level 1 of the Dungeon.
             The game lasted 00:01:09 (605 turns).

qeuew the Ducker (Merfolk Gladiator)                 Turns: 605, Time: 00:01:10

Health: 22/23      AC:  4    Str: 14    XL:     2   Next: 87%
Magic:  2/2        EV: 13    Int:  7    God:
Gold:   8          SH:  0    Dex: 15    Spells: 1/1 levels left

rFire   . . .      SeeInvis .    a - +0 trident
rCold   . . .      Faith    .    (no shield)
rNeg    . . .      Spirit   .    b - +0 leather armour
rPois   .          Reflect  .    c - +0 helmet
rElec   .          Rampage  .    (no cloak)
rCorr   .                        (no gloves)
Will    .....                    (no boots)
Stlth   +                        (no amulet)
HPRegen 0.23/turn                (no ring)
MPRegen 0.08/turn                (no ring)

@: no status effects
A: (nimble swimmer 2), mertail
a: no special abilities


You were on level 1 of the Dungeon.
You visited 1 branch of the dungeon, and saw 1 of its levels.

You collected 8 gold pieces.

Inventory:

Hand Weapons
 a - a +0 trident (weapon)
 j - a +0 dagger
Missiles
 d - 3 throwing nets (quivered)
 e - a javelin
Armour
 b - a +0 leather armour (worn)
 c - a +0 helmet (worn)
Scrolls
 f - a scroll of fog {unknown}
 g - a scroll of poison {unknown}
 h - a scroll of enchant armour {unknown}
Potions
 i - a potion of curing {unknown}


   Skills:
 + Level 2.5 Fighting
 + Level 0.1 Short Blades
 + Level 4.2 Polearms
 + Level 2.2 Throwing
 + Level 0.3 Armour
 + Level 4.4 Dodging


You had one spell level left.
You didn't know any spells.
Your spell library was empty.

Dungeon Overview and Level Annotations

Branches:
Dungeon (1/15)

Altars:

Shops:
D:1 !(


Innate Abilities, Weirdness & Mutations

((You are very nimble when in or above water. (Stealth+, EV+, Speed+++)))
Your lower body shifts to a powerful aquatic tail in water.


Message History

No target in view!
You see here a giant cockroach corpse.
Things that are here:
a jackal corpse; a jackal corpse; a jackal corpse
Found a mace.
As you open the door, it creaks loudly!
A frilled lizard comes into view.
The frilled lizard hisses angrily.
You hear a shout!
You closely miss the frilled lizard.
The frilled lizard unfolds its giant frill.
The frilled lizard misses you.
The frilled lizard bites you but does no damage.
A hobgoblin comes into view.
You barely miss the frilled lizard. The frilled lizard bites you.
You hit the frilled lizard.
You kill the frilled lizard!
No target in view!
No target in view!
No target in view!
No target in view!
No target in view!
No target in view!
No target in view!
A hobgoblin is nearby!
A hobgoblin is nearby!
A hobgoblin is nearby!
Found Kuugric's Distillery.
You hit the hobgoblin.
You kill the hobgoblin!
No target in view!
No target in view!
No target in view!
No target in view!
No target in view!
No target in view!
No target in view!
No target in view!
No target in view!
No target in view!
Are you sure you want to abandon this character and quit the game? (Confirm with "yes".)

# #.# #.#... # #. #.#
###'##..
#.#.#####.#######.....##
.......................
#.#....##..............#
...............#######.#
.......................#
.#.###.##..............
#@##......#######.
#†##......# #.
..##......# #.
...##....#'## #.
....######...## #.
.∩...# #....# #. ......#
#....#####. +#+###..
+.......... #...#..####


There were no monsters in sight!

Vanquished Creatures
  An endoplasm (D:1)
  2 giant cockroaches (D:1)
  A goblin (D:1)
  3 hobgoblins (D:1)
  4 jackals (D:1)
  A quokka (D:1)
  A ball python (D:1)
  5 frilled lizards (D:1)
  A rat (D:1)
19 creatures vanquished.

Notes
Turn   | Place    | Note
-------+----------+-------------------------------------------
     0 | D:1      | qeuew the Merfolk Gladiator began the quest for the Orb.
     0 | D:1      | Reached XP level 1. HP: 16/16 MP: 1/1
   122 | D:1      | Reached XP level 2. HP: 23/23 MP: 2/2
   240 | D:1      | Found Gytas's Antique Weapon Emporium.
   603 | D:1      | Found Kuugric's Distillery.
   605 | D:1      | Quit the game

Illustrated notes

Levels and vault maps discovered:
D:1:      matt_arrival_los_fun, layout_basic, serial_shops, shop,
          nicolae_square_shop, shop, hangedman_glass_teeth

Action                     || total
---------------------------++-------
  Melee: Trident           ||    73
         Punch             ||     1
   Stab: Sleeping          ||     2
 Armour: Leather armour    ||    17
  Dodge: Dodged            ||    39

Table legend: (Time is in decaauts)
 A = Elapsed time spent in this place.
 B = Non-inter-level travel time spent in this place.
 C = Inter-level travel time spent in this place.
 D = Time resting spent in this place.
 E = Time spent auto-exploring this place.
 F = Levels seen in this place.
 G = Mean time per level.
                   A        B        C        D        E       F      G
               +--------+--------+--------+--------+--------+-----+--------+
         Total |    611 |    599 |     12 |      0 |    458 |   1 |  611.0 |
       Dungeon |    611 |    599 |     12 |      0 |    458 |   1 |  611.0 |
               +--------+--------+--------+--------+--------+-----+--------+

Top non-repeatable levels by time:
     D:1: 611 daAuts
